 Dungeon Crawl Stone Soup version 0.21.1-1-g345015fe64 (webtiles) character file.

637 Htamos the Magician (level 7, 0/41 HPs)
             Began as an Octopode Wizard on July 12, 2018.
             Slain by a sky beast (5 damage)
             ... on level 4 of the Dungeon.
             The game lasted 00:16:41 (6980 turns).

Htamos the Magician (Octopode Wizard)               Turns: 6980, Time: 00:16:41

Health: 0/41       AC:  1    Str:  6    XL:     7   Next: 50%
Magic:  0/16       EV: 13    Int: 23    God:
Gold:   164        SH:  0    Dex: 10    Spells: 17/18 levels left

rFire    . . .     SeeInvis .   h - +1 dagger
rCold    . . .     Gourm    .   (no shield)
rNeg     . . .     Faith    .   a - +0 hat
rPois    .         Spirit   +   g - amulet of guardian spirit
rElec    .         Reflect  .   (no ring)
rCorr    .         Harm     .   (no ring)
MR       .....                  (no ring)
Stlth    +++.......             (no ring)
HPRegen  0.13/turn              (no ring)
MPRegen  0.15/turn              (no ring)
                                (no ring)
                                (no ring)

@: very slightly contaminated
A: almost no armour, stealthy swim, amphibious, 8 rings, constrict 8, camouflage
1, gelatinous body 1
a: no special abilities


You were on level 4 of the Dungeon.
You were near starving.

You visited 1 branch of the dungeon, and saw 5 of its levels.

You collected 164 gold pieces.

Inventory:

Hand Weapons
 h - a +1 dagger (weapon)
 n - a +0 short sword
Missiles
 k - 220 stones (quivered)
 q - 14 poisoned needles
 s - a throwing net
 v - 4 needles of sleeping
Armour
 a - a +0 hat (worn)
Jewellery
 e - an uncursed amulet of faith
 g - an amulet of guardian spirit (around mantle)
 o - an uncursed ring of protection from cold {unknown}
Wands
 j - a wand of acid (6)
 w - a wand of clouds (3)
Scrolls
 t - a scroll of fog
 u - a scroll of enchant armour {unknown}
Potions
 d - a potion of magic
 f - a potion of degeneration
 i - a potion of curing
 l - 5 potions of flight {unknown}
 m - a potion of agility {unknown}
Books
 b - a book of Minor Magic

   Spells                             Type                      Level
   a - Magic Dart                     Conjuration                  1
   b - Blink                          Translocation                2
   c - Call Imp                       Summoning                    2
   d - Slow                           Hexes                        2
   e - Conjure Flame                  Conjuration/Fire             3
   f - Mephitic Cloud                 Conjuration/Poison/Air       3
Comestibles
 c - 7 rations


   Skills:
 * Level 4.6 Short Blades
 - Level 2.0 Dodging
 - Level 2.6 Stealth
 + Level 6.4 Spellcasting
 - Level 1.0 Conjurations
   Level 1.0 Summonings
   Level 1.0 Translocations


You had 17 spell levels left.
You knew the following spells:

 Your Spells              Type           Power        Failure   Level  Hunger
a - Magic Dart            Conj           ##..         5%          1    None


Dungeon Overview and Level Annotations

Branches:
Dungeon (5/15)
 Temple: D:4-7

Altars:
Gozag
Hepliaklqana
Qazlal
Ru
Trog
Xom
Yredelemnul


Innate Abilities, Weirdness & Mutations

You cannot wear most types of armour.
You are very stealthy in the water. (Stealth+)
You are amphibious.
You can wear up to eight rings at the same time.
You can use your tentacles to constrict eight enemies at once.
Your skin changes colour to match your surroundings (Stealth+).
Your rubbery body absorbs attacks. (AC +1, EV +1)


Message History

* * * LOW HITPOINT WARNING * * *
You are poisoned.
The adder poisons you!
You hit the adder.
The adder is severely wounded.
You constrict the adder.
You feel sick. Something hits you.
* * * LOW HITPOINT WARNING * * *
Something shocks you.
* * * LOW HITPOINT WARNING * * *
The adder closely misses you.
You hit the adder.
You kill the adder!
Something hits you.
* * * LOW HITPOINT WARNING * * *
Something shocks you.
* * * LOW HITPOINT WARNING * * *
You feel better. Something hits you.
* * * LOW HITPOINT WARNING * * *
Something shocks you.
You die...

#.##.#####.#.#
#.##.#####.#.#
#.............
####.###...... #(#
#.##... ########.#
#.##### #........#
#.# #.######## #.#
#@# #.# #{# #.#
#.# #.# #.# #.#
#.# #.#####
#.##########......
#..............###
################


There were no monsters in sight!

Vanquished Creatures
  Grinder (D:4)
  2 centaurs (D:5)
  Ijyb (D:4)
  A worker ant (D:4)
  Robin (D:2)
  A gnoll (D:1)
  7 adders
  A shadow imp (D:5)
  2 oozes
  2 worms (D:2)
  4 dart slugs
  6 leopard geckos
  14 orcs
  8 bats
  3 giant cockroaches
  5 hobgoblins
  4 jackals (D:3)
  A quokka (D:3)
  A ball python (D:1)
  5 frilled lizards
  15 goblins
  A jackal skeleton (D:4)
  9 kobolds
  6 rats
101 creatures vanquished.

Notes
Turn   | Place    | Note
-------+----------+-------------------------------------------
     0 | D:1      | Htamos the Octopode Wizard began the quest for the Orb.
     0 | D:1      | Reached XP level 1. HP: 11/11 MP: 4/4
   268 | D:1      | Reached XP level 2. HP: 17/17 MP: 4/6
  1039 | D:1      | Reached XP level 3. HP: 21/21 MP: 5/8
  1244 | D:1      | Reached skill level 1 in Short Blades
  1244 | D:1      | Reached skill level 4 in Spellcasting
  1924 | D:2      | Reached XP level 4. HP: 27/27 MP: 2/10
  2528 | D:2      | Noticed Robin
  3043 | D:2      | Killed Robin
  3815 | D:3      | Found a stormy altar of Qazlal.
  3862 | D:3      | Found a shimmering altar of Xom.
  3865 | D:3      | Found a sacrificial altar of Ru.
  3866 | D:3      | Reached XP level 5. HP: 31/31 MP: 12/12
  4147 | D:3      | Reached skill level 5 in Spellcasting
  4876 | D:4      | Found a basalt altar of Yredelemnul.
  4876 | D:4      | Found a bloodstained altar of Trog.
  4876 | D:4      | Found a hazy altar of Hepliaklqana.
  4876 | D:4      | Found an opulent altar of Gozag.
  5000 | D:4      | Noticed Ijyb
  5017 | D:4      | Killed Ijyb
  5319 | D:4      | Noticed Grinder
  5333 | D:4      | Paralysed by Grinder for 6 turns
  5339 | D:4      | HP: 1/31 [Grinder/nerve-wracking pain (6)]
  5343 | D:4      | Killed Grinder
  5343 | D:4      | Reached skill level 6 in Spellcasting
  5343 | D:4      | Reached XP level 6. HP: 2/36 MP: 2/15
  5672 | D:4      | Reached XP level 7. HP: 27/41 MP: 8/16
  6118 | D:5      | Entered Level 5 of the Dungeon
  6979 | D:4      | HP: 1/41 [something (3)]
  6980 | D:4      | Slain by a sky beast

Skill      XL: |  1  2  3  4  5  6  7 |
---------------+----------------------+-----
Short Blades   | 1 3 4 |  4.6
Spellcasting   | 4 6 |  6.4
Dodging        | |  2.0
Stealth        | |  2.6
Conjurations   | |  1.0
Summonings     | |  1.0
Translocations | |  1.0

Action                   |  1- 3 |  4- 6 |  7- 9 || total
-------------------------+-------+-------+-------++-------
Melee: Unarmed           |     5 |       |       ||     5
       Constrict         |     3 |    24 |     1 ||    28
       Dagger            |    18 |   124 |    50 ||   192
       Tentacles         |     2 |    23 |     3 ||    28
 Cast: Magic Dart        |    94 |    97 |    47 ||   238
  Use: Scroll            |       |     9 |       ||     9
       Potion            |       |       |     6 ||     6
 Stab: Sleeping          |     1 |     4 |       ||     5
  Eat: Chunk             |     3 |    11 |     3 ||    17
Armor: Skin              |     3 |     4 |    12 ||    19
Dodge: Dodged            |    19 |    85 |    29 ||   133
